[ AOE2 MATCH · #477226836 ]
UnrankedMalians vs Spanish
Player's team · LOSS
Rival team · WIN
[ REPLAY ANALYSIS · EXTRACTED FROM THE RECORDED GAME ]
Feudal
10:18
Castle
13:54
Imperial
29:35
| APM avg | 36.0 |
| APM peak | 72 |
| eAPM avg | 15.7 |
| Villagers / military | 60 / 37 |
Focus
⚔️ 29.0% · 🌾 71.0%
Gbeto ×11 · Knight ×11 · Monk ×6 · Scout Cavalry ×4 · Trebuchet (Packed) ×2 · Mangonel ×1
Feudal
10:56
Castle
14:26
Imperial
30:09
| APM avg | 40.4 |
| APM peak | 73 |
| eAPM avg | 23.7 |
| Villagers / military | 123 / 44 |
Focus
⚔️ 29.8% · 🌾 70.2%
Conquistador ×34 · Trebuchet (Packed) ×5 · Monk ×2 · Bombard Cannon ×2 · Mangonel ×1
Match map
Initial resources + every placement click. Lines = walls · curves = elevation contours. ◆ gold · ⬟ stone · ● berries · ✦ relic · ◌ wall gap
Your base· ✓ Closed at 13:54 · 0t walls · 2 gate(s)
雨浩's base· ✓ Closed at 14:26 · 0t walls · 2 gate(s)
Smoothed initial terrain · ◌ = detected wall gap · hover for details
Inputs per minute
— GGman - - 雨浩
Build order — GGman
First 150 of 190 actions detected
| 0:00 | Create | Villager (Male) |
| 0:01 | Create | Villager (Male) |
| 0:02 | Build | House |
| 0:05 | Build | House |
| 0:09 | Create | Villager (Male) |
| 0:30 | Create | Villager (Male) |
| 1:15 | Create | Villager (Male) |
| 1:45 | Create | Villager (Male) |
| 2:11 | Build | Lumber Camp |
| 2:20 | Create | Villager (Male) |
| 2:45 | Create | Villager (Male) |
| 2:46 | Create | Villager (Male) |
| 3:23 | Create | Villager (Male) |
| 3:34 | Build | House |
| 4:03 | Build | House |
| 4:23 | Create | Villager (Male) |
| 4:24 | Create | Villager (Male) |
| 4:24 | Create | Villager (Male) |
| 4:52 | Create | Villager (Male) |
| 5:11 | Build | Mill |
| 5:28 | Create | Villager (Male) |
| 5:29 | Create | Villager (Male) |
| 5:29 | Create | Villager (Male) |
| 6:04 | Create | Villager (Male) |
| 6:05 | Create | Villager (Male) |
| 6:11 | Build | Farm |
| 6:25 | Create | Villager (Male) |
| 6:25 | Create | Villager (Male) |
| 6:56 | Build | Mining Camp |
| 7:55 | Research | Feudal Age |
| 7:57 | Create | Villager (Male) |
| 7:58 | Research | Loom |
| 8:30 | Build | Farm |
| 10:18 | Age | Feudal Age |
| 10:23 | Build | Market |
| 10:26 | Build | Blacksmith |
| 10:31 | Build | Blacksmith |
| 11:06 | Research | Double-Bit Axe |
| 11:14 | Research | Castle Age |
| 11:24 | Build | Mining Camp |
| 12:18 | Build | House |
| 12:48 | Build | Barracks |
| 13:46 | Create | Spearman |
| 13:54 | Age | Castle Age |
| 13:58 | Create | Villager (Male) |
| 13:58 | Create | Villager (Male) |
| 14:19 | Create | Villager (Male) |
| 14:58 | Build | Castle |
| 15:43 | Create | Villager (Male) |
| 15:44 | Create | Villager (Male) |
| 15:44 | Create | Villager (Male) |
| 15:49 | Build | House |
| 16:04 | Build | Farm |
| 16:04 | Build | Farm |
| 16:28 | Build | House |
| 16:45 | Build | Farm |
| 16:52 | Create | Gbeto |
| 17:03 | Create | Villager (Male) |
| 17:05 | Create | Villager (Male) |
| 17:22 | Build | Stable |
| 17:56 | Build | Monastery |
| 18:03 | Create | Villager (Male) |
| 18:04 | Create | Villager (Male) |
| 18:05 | Create | Villager (Male) |
| 18:05 | Create | Villager (Male) |
| 18:17 | Create | Scout Cavalry |
| 18:21 | Build | Farm |
| 18:22 | Build | Farm |
| 18:34 | Build | Farm |
| 18:48 | Create | Scout Cavalry |
| 19:01 | Create | Monk |
| 19:02 | Create | Villager (Male) |
| 19:03 | Create | Villager (Male) |
| 19:12 | Build | Farm |
| 19:50 | Create | Gbeto |
| 20:49 | Create | Villager (Male) |
| 20:49 | Create | Villager (Male) |
| 20:53 | Create | Gbeto |
| 20:56 | Create | Scout Cavalry |
| 21:01 | Create | Monk |
| 21:12 | Create | Villager (Male) |
| 21:12 | Create | Villager (Male) |
| 21:15 | Build | Lumber Camp |
| 21:20 | Build | Town Center |
| 21:40 | Create | Scout Cavalry |
| 21:48 | Create | Villager (Male) |
| 21:49 | Create | Villager (Male) |
| 22:10 | Build | Farm |
| 22:10 | Build | Farm |
| 22:11 | Build | Farm |
| 22:39 | Create | Gbeto |
| 22:39 | Create | Gbeto |
| 23:01 | Create | Villager (Male) |
| 23:01 | Create | Villager (Male) |
| 23:12 | Create | Gbeto |
| 23:19 | Create | Villager (Male) |
| 23:24 | Build | Farm |
| 23:24 | Build | Farm |
| 23:24 | Build | Farm |
| 23:25 | Build | Farm |
| 23:25 | Build | Farm |
| 23:25 | Build | Farm |
| 24:00 | Build | Farm |
| 24:00 | Build | Farm |
| 24:01 | Build | Farm |
| 24:01 | Build | Farm |
| 24:01 | Build | Farm |
| 24:01 | Build | Farm |
| 24:40 | Create | Gbeto |
| 24:49 | Create | Gbeto |
| 24:49 | Create | Gbeto |
| 24:57 | Build | Farm |
| 25:05 | Build | Siege Workshop |
| 26:09 | Create | Mangonel |
| 26:25 | Research | Imperial Age |
| 27:02 | Research | Wheelbarrow |
| 27:03 | Create | Villager (Male) |
| 27:03 | Create | Villager (Male) |
| 27:03 | Create | Villager (Male) |
| 27:09 | Build | Farm |
| 27:09 | Build | Farm |
| 27:17 | Create | Monk |
| 27:28 | Build | Farm |
| 27:29 | Build | Farm |
| 27:29 | Build | Farm |
| 27:29 | Build | Farm |
| 27:40 | Create | Villager (Male) |
| 27:45 | Create | Gbeto |
| 27:53 | Create | Monk |
| 28:37 | Create | Monk |
| 28:39 | Research | Sanctity |
| 28:49 | Build | Stable |
| 28:53 | Research | Bloodlines |
| 28:58 | Research | Husbandry |
| 29:09 | Research | Gold Mining |
| 29:10 | Create | Villager (Male) |
| 29:13 | Research | Bow Saw |
| 29:13 | Research | Bow Saw |
| 29:15 | Create | Villager (Male) |
| 29:16 | Create | Villager (Male) |
| 29:16 | Create | Villager (Male) |
| 29:35 | Age | Imperial Age |
| 30:03 | Create | Trebuchet (Packed) |
| 30:21 | Research | Squires |
| 30:26 | Research | Scale Barding Armor |
| 30:28 | Research | Forging |
| 30:51 | Create | Knight |
| 30:52 | Create | Knight |
| 30:53 | Create | Knight |
| 31:05 | Research | Stone Mining |
Build order — 雨浩
First 150 of 324 actions detected
| 0:01 | Create | Villager (Male) |
| 0:02 | Build | House |
| 0:03 | Build | House |
| 0:04 | Create | Villager (Male) |
| 0:05 | Create | Villager (Male) |
| 0:08 | Create | Villager (Male) |
| 1:14 | Create | Villager (Male) |
| 1:53 | Create | Villager (Male) |
| 1:57 | Build | Lumber Camp |
| 2:16 | Create | Villager (Male) |
| 2:34 | Create | Villager (Male) |
| 2:50 | Create | Villager (Male) |
| 3:11 | Create | Villager (Male) |
| 3:33 | Create | Villager (Male) |
| 4:01 | Build | House |
| 4:02 | Build | House |
| 4:02 | Create | Villager (Male) |
| 4:26 | Build | Mill |
| 4:29 | Create | Villager (Male) |
| 4:36 | Create | Villager (Male) |
| 4:43 | Create | Villager (Male) |
| 5:16 | Build | Farm |
| 5:29 | Build | Farm |
| 5:31 | Create | Villager (Male) |
| 5:32 | Create | Villager (Male) |
| 5:33 | Create | Villager (Male) |
| 5:59 | Create | Villager (Male) |
| 6:01 | Create | Villager (Male) |
| 6:25 | Create | Villager (Male) |
| 6:53 | Build | Farm |
| 7:57 | Research | Feudal Age |
| 8:31 | Build | Mining Camp |
| 8:37 | Build | House |
| 9:04 | Build | Mining Camp |
| 9:21 | Create | Villager (Male) |
| 9:21 | Create | Villager (Male) |
| 10:56 | Age | Feudal Age |
| 10:57 | Build | Market |
| 11:00 | Build | Blacksmith |
| 11:06 | Build | House |
| 11:46 | Research | Castle Age |
| 11:59 | Research | Double-Bit Axe |
| 12:00 | Research | Horse Collar |
| 12:22 | Create | Villager (Male) |
| 14:26 | Age | Castle Age |
| 14:27 | Build | Castle |
| 14:31 | Create | Villager (Male) |
| 14:50 | Research | Bow Saw |
| 14:52 | Create | Villager (Male) |
| 15:09 | Build | Monastery |
| 15:21 | Create | Villager (Male) |
| 15:22 | Create | Conquistador |
| 15:29 | Create | Villager (Male) |
| 15:37 | Create | Conquistador |
| 15:49 | Build | Farm |
| 15:49 | Build | Farm |
| 15:50 | Build | Farm |
| 16:21 | Create | Villager (Male) |
| 16:34 | Create | Monk |
| 16:39 | Create | Villager (Male) |
| 16:41 | Build | Farm |
| 16:51 | Create | Monk |
| 17:03 | Build | Farm |
| 17:04 | Build | Farm |
| 17:05 | Build | Farm |
| 17:08 | Build | Farm |
| 17:11 | Create | Conquistador |
| 17:13 | Create | Villager (Male) |
| 17:29 | Create | Villager (Male) |
| 17:41 | Build | Farm |
| 17:50 | Create | Villager (Male) |
| 17:58 | Build | Siege Workshop |
| 18:02 | Create | Conquistador |
| 18:11 | Build | Farm |
| 18:12 | Build | Farm |
| 18:18 | Create | Villager (Male) |
| 18:47 | Create | Villager (Male) |
| 18:49 | Create | Conquistador |
| 18:50 | Create | Conquistador |
| 18:50 | Create | Villager (Male) |
| 18:55 | Build | Farm |
| 18:57 | Build | Farm |
| 19:00 | Build | Farm |
| 19:01 | Build | Farm |
| 19:13 | Create | Villager (Male) |
| 19:36 | Create | Villager (Male) |
| 19:45 | Create | Villager (Male) |
| 19:49 | Research | Loom |
| 19:56 | Build | Palisade Wall |
| 19:58 | Build | Palisade Wall |
| 20:01 | Build | House |
| 20:02 | Build | House |
| 20:04 | Create | Conquistador |
| 20:04 | Create | Conquistador |
| 20:35 | Create | Villager (Male) |
| 20:42 | Create | Villager (Male) |
| 20:47 | Create | Conquistador |
| 20:57 | Build | Town Center |
| 21:02 | Build | Town Center |
| 21:11 | Create | Villager (Male) |
| 21:15 | Create | Villager (Male) |
| 21:30 | Build | Farm |
| 21:53 | Create | Villager (Male) |
| 21:53 | Create | Villager (Male) |
| 21:54 | Create | Villager (Male) |
| 22:03 | Create | Villager (Male) |
| 22:10 | Create | Villager (Male) |
| 22:14 | Create | Mangonel |
| 22:19 | Create | Conquistador |
| 22:23 | Build | Farm |
| 22:26 | Build | Farm |
| 22:32 | Create | Villager (Male) |
| 22:37 | Build | Outpost |
| 22:39 | Create | Villager (Male) |
| 22:39 | Create | Villager (Male) |
| 22:41 | Create | Villager (Male) |
| 22:44 | Build | Farm |
| 22:56 | Create | Villager (Male) |
| 23:00 | Create | Villager (Male) |
| 23:09 | Create | Villager (Male) |
| 23:14 | Build | Mill |
| 23:15 | Build | Farm |
| 23:15 | Build | Farm |
| 23:15 | Build | Farm |
| 23:15 | Build | Farm |
| 23:16 | Build | Farm |
| 23:17 | Create | Villager (Male) |
| 23:31 | Create | Villager (Male) |
| 23:35 | Create | Villager (Male) |
| 23:41 | Build | Outpost |
| 23:42 | Build | Outpost |
| 23:43 | Create | Villager (Male) |
| 23:53 | Create | Villager (Male) |
| 23:54 | Build | Outpost |
| 23:58 | Build | Farm |
| 23:59 | Build | Farm |
| 24:03 | Build | House |
| 24:04 | Build | House |
| 24:07 | Create | Villager (Male) |
| 24:18 | Create | Villager (Male) |
| 24:19 | Create | Villager (Male) |
| 24:29 | Create | Villager (Male) |
| 24:35 | Create | Villager (Male) |
| 24:42 | Create | Villager (Male) |
| 24:46 | Create | Villager (Male) |
| 24:51 | Build | Farm |
| 24:51 | Build | Farm |
| 24:51 | Build | Farm |
| 24:51 | Build | Farm |
| 24:51 | Build | Farm |
Match timeline
| 10:18 | GGman · age_up feudal |
| 10:56 | 雨浩 · age_up feudal |
| 12:48 | GGman · first_building Barracks |
| 13:54 | GGman · age_up castle |
| 14:01 | 雨浩 · first_market_sell 100 wood |
| 14:02 | 雨浩 · first_market_buy 100 stone |
| 14:26 | 雨浩 · age_up castle |
| 14:27 | 雨浩 · first_building Castle |
| 14:58 | GGman · first_building Castle |
| 15:09 | 雨浩 · first_building Monastery |
| 17:00 | GGman · first_market_sell 100 stone |
| 17:01 | GGman · first_market_buy 100 food |
| 17:22 | GGman · first_building Stable |
| 17:56 | GGman · first_building Monastery |
| 17:58 | 雨浩 · first_building Siege Workshop |
| 19:56 | 雨浩 · wall_segment Palisade Wall x1 |
| 19:58 | 雨浩 · wall_segment Palisade Wall x1 |
| 25:05 | GGman · first_building Siege Workshop |
| 27:50 | 雨浩 · first_building Barracks |
| 28:39 | 雨浩 · first_building Stable |
| 29:35 | GGman · age_up imperial |
| 30:09 | 雨浩 · age_up imperial |
| 33:15 | GGman · wall_segment Stone Wall x2 |
| 33:21 | GGman · wall_segment Stone Wall x2 |
| 35:21 | GGman · resign |
[ AI ANALYSIS · 1 CREDIT ]
What really happened in this match?
Wolo.gg analyzes every decision: build order, eco, micro, common mistakes by bracket. Personalized analysis on WhatsApp or Discord in 30 seconds.
Civ guide
Malians
Perfil
Jugador #16305209